 Dungeon Crawl Stone Soup version 0.28-a0-861-ge64d6db94f (webtiles) character file.

Game seed: 259099611294324272

2229 jasper the Carver (level 9, -13/65 (75) HPs)
             Began as a Naga Berserker on Nov 16, 2021.
             Was a Believer of Trog.
             Killed from afar by Maggie (22 damage)
             ... with a bolt of fire
             ... on level 8 of the Dungeon.
             The game lasted 00:10:32 (7622 turns).

jasper the Carver (Naga Berserker)                  Turns: 7622, Time: 00:10:33

HP:   -13/65 (75)   AC: 10    Str: 23    XL:     9   Next: 36%
MP:   9/9           EV:  1    Int:  8    God:    Trog [**....]
Gold: 410           SH:  6    Dex: 10    Spells: 8/8 levels left

rFire   . . .      SeeInvis +   d - +2 short sword (venom)
rCold   . . .      Faith    .   y - +0 kite shield
rNeg    . . .      Spirit   .   F - +0 plate armour
rPois   +          Reflect  .   g - +2 hat
rElec   .          Harm     .   (no cloak)
rCorr   .          Rampage  .   (no gloves)
Will    +....                   (no barding)
Stlth   ..........              (no amulet)
HPRegen 0.20/turn               p - ring of flight
MPRegen 0.11/turn               (no ring)

@: short of breath, on berserk cooldown, flying, slowed, heavily drained, very
slow
A: AC +3, large, see invisible, deformed body, poison resistance, slowness 2,
spit poison 1, naga tail 1
a: Spit Poison, Renounce Religion, Berserk, Trog's Hand


You were on level 8 of the Dungeon.
You worshipped Trog.
Trog was pleased with you.
You visited 1 branch of the dungeon, and saw 8 of its levels.

You collected 464 gold pieces.
You spent 54 gold pieces at shops.

Inventory:

Hand Weapons
 a - a +0 falchion
 d - a +2 short sword of venom (weapon)
 j - a +2 dagger of venom
Missiles
 e - 151 stones
 i - 2 curare-tipped darts
 r - 2 javelins
 D - 3 boomerangs
Armour
 b - a +0 animal skin
 c - a +0 helmet
 f - a +0 ring mail
 g - a +2 hat (worn)
 q - a +0 chain mail
 y - a +0 kite shield (worn)
 F - a +0 plate armour (worn)
Jewellery
 p - a ring of flight (left hand)
 s - a ring of fire
 x - a ring of magical power
 E - a ring of protection from cold
Wands
 C - a wand of paralysis (11)
Scrolls
 h - a scroll of enchant armour
 k - 3 scrolls of immolation
 u - a scroll of teleportation {unknown}
 z - 2 scrolls of blinking
Potions
 l - a potion of lignification
 m - a potion of berserk rage
 n - a potion of curing
 o - a potion of resistance {unknown}
 t - a potion of might {unknown}
 v - a potion of flight {unknown}
 w - a potion of heal wounds {unknown}
 A - 2 potions of attraction {unknown}
 B - a potion of brilliance {unknown}
 G - a potion of mutation {unknown}


   Skills:
 - Level 3.0 Fighting
 * Level 12.4 Long Blades
 - Level 1.5 Armour
 - Level 1.5 Dodging


You had 8 spell levels left.
You didn't know any spells.
Your spell library was empty.

Dungeon Overview and Level Annotations

Branches:
Dungeon (8/15)             Temple (0/1) D:7
   Lair: D:8-11

Altars:
Sif Muna
Wu Jian

Shops:
D:5 =   D:7 [

Annotations:
D:8 Maggie


Innate Abilities, Weirdness & Mutations

Your serpentine skin is tough. (AC +3)
You have supernaturally acute eyesight. (SInv)
Armour fits poorly on your strangely shaped body.
Your system is resistant to poisons. (rPois)
You cover ground very slowly.
You can spit poison.
You have a snake-like lower body.


Message History

You closely miss Maggie.
Maggie is heavily wounded.
Maggie hits you with a +0 morningstar of draining!
You feel drained.
You take 10 damage, and have 35/106 hp.
You barely miss Maggie.
Maggie is heavily wounded.
Maggie hits you with a +0 morningstar of draining!
* * * LOW HITPOINT WARNING * * *
You feel drained.
* * * LOW HITPOINT WARNING * * *
You take 11 damage, and have 24/103 hp.
You hit Maggie.
Maggie looks as sick as possible!
Maggie is severely wounded.
You are no longer berserk.
You are exhausted.
You feel yourself slow down.
You now have 16/69 hp.
Press: ? - help, Shift-Dir - straight line, f - Maggie
Aim: Maggie, wielding a +0 morningstar of draining and wearing +0 acid dragon scales (severely wounded, extremely poisoned)
The splash of poison hits Maggie but does no damage.
Maggie is severely wounded.
Maggie hits you with a +0 morningstar of draining!
* * * LOW HITPOINT WARNING * * *
You feel drained.
* * * LOW HITPOINT WARNING * * *
Maggie casts a spell.
Maggie attempts to bespell you!
You easily resist.
You take 13 damage, and have 3/67 hp.
You're still recovering from your berserk rage.
You feel better.
Maggie hits you with a +0 morningstar of draining!
* * * LOW HITPOINT WARNING * * *
You feel drained.
* * * LOW HITPOINT WARNING * * *
You take 1 damage, and have 2/65 hp.
You feel better. Maggie casts a spell at you. The bolt of fire hits you!!
You die...

...# .(.## ..c.
##...#### ....c
#.......###
#...#
##.........#
#.c.#
#..........#
#.@##
#.........#
#..###.........#
##..###........#
##..###@<.....#
#...†@)......#
##..........##
#.###...##### ##
##.## ###


You could see Maggie (extremely poisoned).

Vanquished Creatures
  A steam dragon (D:6)
  A water moccasin (D:8)
  2 ice beasts (D:6)
  A sky beast (D:6)
  A black bear (D:5)
  2 orc warriors (D:7)
  2 ogres
  A phantom (D:5)
  A centaur (D:8)
  A gnoll sergeant (D:6)
  2 scorpions (D:5)
  2 bullfrogs
  A water moccasin zombie (D:7)
  A wyvern zombie (D:6)
  A water moccasin skeleton (D:4)
  A howler monkey (D:6)
  2 centaur zombies (D:7)
  4 hounds
  3 orc priests
  A centaur skeleton (D:6)
  2 iguanas
  3 orc wizards
  A hound zombie (D:5)
  4 gnolls (D:6)
  7 adders
  A shadow imp (D:5)
  An adder skeleton (D:5)
  3 worms
  31 orcs
  3 endoplasms
  3 giant cockroaches (D:3)
  6 goblins
  3 hobgoblins
  2 jackals (D:5)
  A quokka (D:2)
  5 ball pythons
  3 bats
  A frilled lizard (D:3)
  5 kobolds
  3 rats
119 creatures vanquished.

Notes
Turn   | Place    | Note
-------+----------+-------------------------------------------
     0 | D:1      | jasper the Naga Berserker began the quest for the Orb.
     0 | D:1      | Reached XP level 1. HP: 21/21 MP: 1/1
   446 | D:1      | Reached XP level 2. HP: 28/28 MP: 2/2
  1368 | D:2      | Reached skill level 4 in Long Blades
  1505 | D:3      | Reached XP level 3. HP: 34/34 MP: 3/3
  1780 | D:3      | Reached skill level 5 in Long Blades
  1780 | D:3      | Reached XP level 4. HP: 42/42 MP: 4/4
  2175 | D:4      | Reached XP level 5. HP: 29/49 MP: 5/5
  2363 | D:4      | Reached ** piety under Trog
  2444 | D:4      | Noticed an ogre
  2452 | D:4      | Killed an ogre
  2453 | D:4      | Reached skill level 6 in Long Blades
  2453 | D:4      | Reached XP level 6. HP: 56/56 MP: 6/6
  3000 | D:4      | Reached skill level 7 in Long Blades
  3131 | D:5      | Entered Level 5 of the Dungeon
  3314 | D:5      | Reached XP level 7. HP: 56/62 MP: 7/7
  3410 | D:5      | Reached skill level 8 in Long Blades
  3639 | D:5      | Found Mimnoeh's One-of-a-Kind Rings.
  4420 | D:6      | Reached skill level 9 in Long Blades
  4540 | D:6      | Found a shimmering blue altar of Sif Muna.
  4673 | D:6      | Reached XP level 8. HP: 52/69 MP: 8/8
  4940 | D:6      | Found an ornate altar of the Wu Jian Council.
  4972 | D:6      | Reached skill level 10 in Long Blades
  5567 | D:6      | Reached skill level 11 in Long Blades
  6032 | D:7      | Found Qurieru's Armour Shoppe.
  6039 | D:7      | Bought a +0 kite shield for 54 gold pieces
  6448 | D:7      | Found a staircase to the Ecumenical Temple.
  6526 | D:7      | Reached XP level 9. HP: 60/75 MP: 9/9
  6862 | D:7      | Reached skill level 12 in Long Blades
  7595 | D:8      | Noticed Maggie
  7620 | D:8      | HP: 3/67 [Maggie (4)]
  7622 | D:8      | Killed from afar by Maggie

Illustrated notes

Levels and vault maps discovered:
D:1:      ebering_trefoil_3fold, layout_rooms, hex_tiny, serial_park_tiny_2
D:2:      layout_rooms, minmay_misc_feat_plants, hex_large
D:3:      layout_basic, serial_glass, glass_columns_c, glass_columns_b,
          kennysheep_generic_room_13
D:4:      layout_rooms
D:5:      layout_basic, nicolae_shop_unique_rings
D:6:      layout_gridville, mainiacjoe_overflow_alcove_4,
          nicolae_sif_muna_condensation, minmay_crossroads
D:7:      layout_loops_ring, minmay_temple_entry_large_hall, enter_bailey_2,
          serial_shops, shop, lightli_minifort
D:8:      layout_layer_cave, nzn_hepliaklqana_mist_gate, minmay_pinched_square,
          uniq_maggie

Skill      XL: |  1  2  3  4  5  6  7  8  9 |
---------------+----------------------------+-----
Long Blades    | 4 5 6 7 9 11 12 | 12.4
Fighting       | |  3.0
Armour         | |  1.5
Dodging        | |  1.5

Action                   |  1- 3 |  4- 6 |  7- 9 || total
-------------------------+-------+-------+-------++-------
Melee: Falchion          |    14 |    25 |    12 ||    51
       Short sword       |    31 |    63 |   239 ||   333
Throw: Dart              |     1 |       |       ||     1
Invok: Berserk           |     2 |     3 |     6 ||    11
       Trog's Hand       |       |       |     2 ||     2
 Abil: Spit Poison       |    29 |    12 |    16 ||    57
  Use: Scroll            |     5 |       |     6 ||    11
       Potion            |       |       |     2 ||     2
Armor: Animal skin       |     3 |       |       ||     3
       Ring mail         |     5 |     8 |       ||    13
       Chain mail        |       |    12 |   100 ||   112
       Plate armour      |       |       |     7 ||     7
Dodge: Dodged            |    15 |    16 |    61 ||    92
Block: Kite shield       |       |       |    27 ||    27

Table legend: (Time is in decaauts)
 A = Elapsed time spent in this place.
 B = Non-inter-level travel time spent in this place.
 C = Inter-level travel time spent in this place.
 D = Time resting spent in this place.
 E = Time spent auto-exploring this place.
 F = Levels seen in this place.
 G = Mean time per level.
                   A        B        C        D        E       F      G
               +--------+--------+--------+--------+--------+-----+--------+
         Total |   9223 |   8744 |    479 |    926 |   6708 |   8 | 1152.9 |
       Dungeon |   9223 |   8744 |    479 |    926 |   6708 |   8 | 1152.9 |
               +--------+--------+--------+--------+--------+-----+--------+

Top non-repeatable levels by time:
     D:6: 1881 daAuts
     D:7: 1786 daAuts
     D:5: 1591 daAuts
     D:4: 1182 daAuts
     D:2: 994 daAuts
     D:3: 856 daAuts
     D:1: 822 daAuts
     D:8: 108 daAuts
